AoeStats
← arturoisasa1

Pilgrims

508073976Analyzed
3v3 RM · 10d ago on Sep 20, 2026· 43m 9s· 6 players
Game mode
Random Map
Map size
Normal (6 player)
Population
200
Speed
Normal
Resources
Standard
Victory
Conquest
Starting age
Dark Age
Ending age
Imperial Age
RankedLock teamsTeams togetherTeam positionsShared explorationLock speedFull tech treeHidden civsTurbo modeCheats
Victory
Defeat
🇦🇷 Malay · Argentina
959
+13
🇮🇹 Huns · Italy
910
+15
🇨🇴 Celts · Colombia
902
+15
🇵🇾 Bohemians · Paraguay
944
-16
🇵🇾 Bengalis · Paraguay
892
-15
🇵🇾 Celts · Paraguay
827
-12
jhonbrozq02
13:54 Feudal Age
14:34 Fishing Lines
16:14 Wheelbarrow
15:27 Double-Bit Axe
15:25 Horse Collar
19:12 Gold Mining
19:12 Stone Mining
22:50 Castle Age
24:01 Hand Cart
25:39 Bow Saw
25:30 Heavy Plow
26:20 Gillnets
30:17 Imperial Age
27:33 Loom
27:34 Town Watch
28:49 Marauders
29:32 Gold Shaft Mining
29:05 Scale Barding Armor
29:11 Forging
30:37 Bloodlines
30:28 Husbandry
30:32 Elite Tarkan
37:25 Chain Barding Armor
37:41 Iron Casting
36:57 Fletching
37:07 Padded Archer Armor
zamithdaniel
12:47 Feudal Age
18:32 Castle Age
17:24 Padded Archer Armor
17:17 Fletching
18:25 Gold Mining
18:30 Stone Mining
18:37 Crossbowman
21:07 Loom
21:59 Horse Collar
22:07 Double-Bit Axe
22:42 Forging
22:33 Scale Mail Armor
25:17 Fishing Lines
33:37 Iron Casting
36:39 Bow Saw
lcnesteruk
15:03 Feudal Age
14:57 Double-Bit Axe
16:36 Man-at-Arms
22:39 Castle Age
22:11 Crossbowman
25:40 Fishing Lines
32:26 Imperial Age
29:36 Elite Skirmisher
30:22 Thumb Ring
32:00 Forced Levy
31:55 Long Swordsman
32:23 Arson
33:51 Chemistry
33:10 Gillnets
33:14 Two-Handed Swordsman
34:18 Bow Saw
37:43 Fletching
40:49 Forging
Microsoft PowerBI
11:27 Feudal Age
14:06 Double-Bit Axe
19:46 Castle Age
19:20 Horse Collar
22:02 Chemistry
29:20 Imperial Age
30:13 Padded Archer Armor
30:05 Fletching
41:27 Ballistics
41:03 Bodkin Arrow
41:23 Leather Archer Armor
arturoisasa1
6:53 Loom
15:04 Feudal Age
15:31 Double-Bit Axe
19:04 Horse Collar
21:45 Forging
21:35 Scale Mail Armor
21:46 Stone Mining
27:03 Castle Age
25:43 Gold Mining
27:04 Pikeman
28:47 Stone Shaft Mining
28:12 Arson
29:09 Gold Shaft Mining
seu madruga
6:31 Loom
10:23 Feudal Age
12:53 Fishing Lines
17:43 Castle Age
15:43 Fishing Lines
18:59 Double-Bit Axe
22:10 Gillnets
22:30 Husbandry
22:58 Bloodlines
Connection lost

Rejoining the realm…

Still unreachable

The connection could not be restored.

Session expired

The server has moved on; the page needs a fresh start.